 Dungeon Crawl Stone Soup version 0.23.2-33-g5129a83184 (webtiles) character file.

Game seed: 14694763714162967711

10089 Revguard the Basher (level 11, -5/105 HPs)
             Began as a Troll Monk on July 5, 2019.
             Was a High Priest of Okawaru.
             Slain by a red ugly thing (14 damage)
             ... on level 11 of the Dungeon.
             The game lasted 00:36:48 (8872 turns).

Revguard the Basher (Troll Monk)                    Turns: 8872, Time: 00:36:49

Health: -5/105     AC: 12    Str: 26    XL:     11   Next: 31%
Magic:  12/12      EV: 15    Int:  4    God:    Okawaru [*****.]
Gold:   595        SH:  0    Dex: 15    Spells: 10/10 levels left

rFire    . . .     SeeInvis .   u - +1 giant spiked club
rCold    . . .     Gourm    +   (shield currently unavailable)
rNeg     . . .     Faith    .   b - +0 robe
rPois    .         Spirit   .   d - +0 hat
rElec    .         Reflect  .   w - scarf {cloud immunity}
rCorr    .         Harm     .   (gloves unavailable)
MR       +....                  (boots unavailable)
Stlth    ++........             h - amulet of rage
HPRegen  0.67/turn              e - +3 ring of protection
MPRegen  0.13/turn              t - +5 ring of strength

@: no status effects
A: large, unfitting armour, claws 3, horns 1, iridescent scales 1, dopey 1, fast
metabolism 3, gourmand, low mp 1, magic resistance 1, regeneration 1, shaggy fur
2, tough skin 3, evolution 1, subdued magic 1
a: Heroism, Finesse, Renounce Religion, Evoke Berserk Rage


You were on level 11 of the Dungeon.
You worshipped Okawaru.
Okawaru was extremely pleased with you.
You were full.

You visited 2 branches of the dungeon, and saw 12 of its levels.
You visited the Abyss 1 time.
You also visited: Sewer.

You collected 700 gold pieces.
You spent 105 gold pieces at shops.

Inventory:

Hand Weapons
 u - a +1 giant spiked club (weapon)
Missiles
 z - 3 steel tomahawks
 C - 5 tomahawks of returning
 E - 8 poisoned javelins
 F - 4 large rocks (quivered)
Armour
 b - a +0 robe (worn)
 d - a +0 hat (worn)
 w - a scarf of cloud immunity (worn)
Jewellery
 e - a +3 ring of protection (left claw)
 h - an amulet of rage (around neck)
 t - a +5 ring of strength (right claw)
Wands
 a - a wand of acid (5)
 f - a wand of digging (3)
 j - a wand of disintegration (26)
 D - a wand of paralysis (7)
Scrolls
 l - 7 scrolls of remove curse
 n - 2 scrolls of teleportation
 o - 2 scrolls of amnesia
 p - 6 scrolls of identify
 x - 7 scrolls of fear
 y - 2 scrolls of magic mapping
Potions
 g - a potion of berserk rage
 k - 2 potions of brilliance
 m - 5 potions of curing
 q - a potion of invisibility
 r - a potion of might
 s - 2 potions of haste
 v - a potion of heal wounds
 A - 3 potions of flight
 B - a potion of ambrosia
Miscellaneous
 G - a fan of gales (inert)
Comestibles
 c - 19 rations


   Skills:
 + Level 6.0 Fighting
 + Level 10.1 Maces & Flails
 + Level 5.1 Throwing
 * Level 8.9 Dodging
 - Level 1.0 Stealth
 * Level 4.8 Invocations


You had 10 spell levels left.
You didn't know any spells.
Your spell library contained the following spells:

 Spells                   Type           Power        Failure   Level  Hunger
 Corona                   Hex            #......      45%         1    ##.....
 Ensorcelled Hibernation  Hex/Ice        #.....       61%         2    ###....
 Passwall                 Tmut/Erth      #.......     61%         2    ###....
 Swiftness                Chrm/Air       #.......     61%         2    ###....
 Confuse                  Hex            #.......     83%         3    ####...
 Dazzling Spray           Conj/Hex       #.....       83%         3    ####...
 Tukima's Dance           Hex            #.......     83%         3    ####...
 Passage of Golubria      Tloc           N/A          99%         4    #####..
 Lee's Rapid Deconstruct  Erth           #.........   100%        5    ######.
 Darkness                 Hex            #.........   100%        6    #######
 Invisibility             Hex            #.......     100%        6    #######


Dungeon Overview and Level Annotations

Branches:
Dungeon (11/15)            Temple (1/1) D:7            Lair (0/6) D:11
    Orc: D:9-12

Altars:
Ashenzari
Cheibriados
Dithmenos
Elyvilon
Fedhas
Gozag
Hepliaklqana
Kikubaaqudgha
Makhleb
Nemelex Xobeh
Okawaru
Qazlal
Ru
Sif Muna
Trog
Uskayaw
Vehumet
Wu Jian
Xom
Yredelemnul
Zin
The Shining One

Shops:
D:7 :   D:8 %   D:11 [


Innate Abilities, Weirdness & Mutations

You are too large for most types of armour.
You have claws for hands.
Your metabolism is lightning-fast.
You like to eat raw meat.
Your natural rate of healing is unusually fast.
You are covered in thick fur. (AC +2)
You have extremely tough skin. (AC +3)
You have a pair of small horns on your head.
You are partially covered in iridescent scales. (AC +2)
You are dopey. (Int -2)
Your magical capacity is low. (-10% MP)
You are resistant to hostile enchantments. (MR+)
You evolve.
Your spells are a little easier to cast, but a little less powerful.


Message History

You are engulfed in flames!!
The adder barely misses you.
You puncture the adder!
The adder is almost dead.
The adder misses you. The shadow imp barely misses you.
The red ugly thing trunk-slaps you!
You are engulfed in flames!!
* * * LOW HITPOINT WARNING * * *
You feel much better. The adder barely misses you.
The shadow imp barely misses you. The red ugly thing trunk-slaps you!
You are engulfed in flames!!
* * * LOW HITPOINT WARNING * * *
The adder closely misses you.
As you read the scroll of fear, it crumbles to dust.
You assume a fearsome visage.
The shadow imp is unaffected.
The red ugly thing resists with some effort.
The adder looks frightened!
The shadow imp hits you.
* * * LOW HITPOINT WARNING * * *
The red ugly thing trunk-slaps you.
* * * LOW HITPOINT WARNING * * *
You are engulfed in flames!
You die...

...........# ####
............# ... ....
..####... ####
#........ #........
#######...[..
........... .......u.#
.......)@#
.......5S##############
.####.................#
#......[..........#
#.................#
#.........)..)....#
#.........)####...###
#.........># #......
#..........# #......


You could see a red ugly thing, an adder (fleeing) and a shadow imp.

Vanquished Creatures
  A hydra (D:11)
  2 two-headed ogres
  A glowing orange brain (Abyss:2)
  An ugly thing (D:11)
  A cyclops (D:11)
  A gargoyle (D:10)
  A merfolk (D:9)
  A troll (D:9)
  A hornet (D:8)
  A hippogriff (D:10)
  A vampire (D:9)
  A small abomination (Abyss:2)
  A wraith (D:10)
  A large abomination (Abyss:2)
  4 yaks (D:10)
  2 neqoxecs (Abyss:2)
  A phantom (D:9)
  3 black bears
  2 sky beasts
  2 orc warriors
  2 necrophages
  An ogre (D:5)
  2 centaurs
  3 big kobolds
  2 bullfrogs
  6 scorpions
  A wight (D:9)
  4 howler monkeys
  2 crimson imps
  2 centaur zombies
  10 hounds
  A bullfrog zombie (D:11)
  Crazy Yiuf (D:4)
  3 jellies
  5 orc priests
  10 orc wizards
  2 centaur skeletons
  Ijyb (D:3)
  2 iguanas
  Natasha (thrice) (D:2)
  12 worker ants
  2 hound zombies
  A hound skeleton (D:8)
  A mummy (D:9)
  13 adders
  7 river rats
  5 shadow imps
  A white imp (Abyss:2)
  An ufetubus (Abyss:2)
  2 oozes
  An adder skeleton (D:4)
  3 worms
  4 dart slugs
  4 leopard geckos
  42 orcs
  2 ball pythons (D:6)
  8 giant cockroaches
  12 goblins
  11 hobgoblins
  11 jackals
  32 kobolds
  2 quokkas
  9 bats
  17 frilled lizards
  A quokka skeleton (D:4)
  A quokka zombie (D:9)
  33 rats
330 creatures vanquished.

Vanquished Creatures (others)
  The ghost of Thargor the Cudgeler, an amateur GrGl (D:4)
  An orc warrior (D:8)
  An ice beast (D:6)
  A sky beast (D:5)
  A crimson imp (D:5)
  An orc priest (D:6)
  2 orcs (D:5)
  A fungus (D:4)
9 creatures vanquished.

Grand Total: 339 creatures vanquished

Notes
Turn   | Place    | Note
-------+----------+-------------------------------------------
     0 | D:1      | Revguard the Troll Monk began the quest for the Orb.
     0 | D:1      | Reached XP level 1. HP: 22/22 MP: 0/0
   177 | D:1      | Reached XP level 2. HP: 29/29 MP: 1/1
   345 | D:1      | Reached skill level 3 in Maces & Flails
   441 | D:1      | Reached XP level 3. HP: 36/36 MP: 2/2
   918 | D:2      | Noticed Natasha
   942 | D:2      | Killed Natasha
   942 | D:2      | Reached XP level 4. HP: 44/44 MP: 3/3
  1046 | D:2      | Noticed Natasha
  1062 | D:2      | Killed Natasha
  1062 | D:2      | Reached skill level 1 in Throwing
  1089 | D:2      | Found a shimmering altar of Xom.
  1120 | D:2      | Noticed Natasha
  1136 | D:2      | Killed Natasha
  1136 | D:2      | Reached XP level 5. HP: 26/52 MP: 4/4
  2025 | D:3      | Noticed Ijyb
  2036 | D:3      | Killed Ijyb
  2036 | D:3      | Reached skill level 4 in Maces & Flails
  2036 | D:3      | Reached XP level 6. HP: 24/59 MP: 5/5
  2740 | D:4      | Reached XP level 7. HP: 67/67 MP: 6/6
  2756 | D:4      | Got a dazzling whip
  2762 | D:4      | Identified the +4 whip "Asunoim" {distort, Fragile rElec
                  | Str+6 Int+2} (You found it on level 4 of the Dungeon)
  2778 | D:4      | Found a runed translucent gate.
  2778 | D:4      | Found a runed translucent gate.
  2916 | D:4      | Found a runed translucent door.
  2917 | D:4      | Noticed Crazy Yiuf
  2921 | D:4      | Killed Crazy Yiuf
  3075 | D:4      | Gained mutation: You have a pair of small horns on your
                  | head. [potion of mutation]
  3075 | D:4      | Gained mutation: You are partially covered in iridescent
                  | scales. (AC +2) [potion of mutation]
  3075 | D:4      | Gained mutation: You occasionally shout uncontrollably at
                  | your foes. [potion of mutation]
  3075 | D:4      | Gained mutation: Your spells are a little harder to cast,
                  | but a little more powerful. [potion of mutation]
  3143 | D:4      | Noticed Thargor's ghost (amateur GrGl)
  3144 | D:4      | Found a runed translucent gate.
  3309 | D:4      | Reached skill level 5 in Maces & Flails
  3309 | D:4      | Reached skill level 5 in Dodging
  3445 | D:4      | Banished Thargor's ghost
  3460 | D:5      | Entered Level 5 of the Dungeon
  3822 | D:5      | Reached XP level 8. HP: 77/78 MP: 7/7
  4140 | D:5      | Reached skill level 6 in Maces & Flails
  4480 | D:6      | Found a glowing drain.
  4514 | Sewer    | Entered a sewer
  5638 | D:7      | Found a staircase to the Ecumenical Temple.
  5667 | Temple   | Entered the Ecumenical Temple
  5774 | Temple   | Became a worshipper of Warmaster Okawaru
  5774 | Temple   | Reached * piety under Okawaru
  5774 | Temple   | Reached ** piety under Okawaru
  5842 | D:7      | Found Dudin's Book Shoppe.
  5859 | D:7      | Reached XP level 9. HP: 80/85 MP: 8/8
  6201 | D:8      | Reached skill level 7 in Maces & Flails
  6378 | D:8      | Reached skill level 1 in Invocations
  6416 | D:8      | Found Nuah Ott's Food Boutique.
  6498 | D:8      | Cast into level 2 of the Abyss (a distortion unwield)
  6546 | Abyss:2  | Noticed a glowing orange brain
  6561 | Abyss:2  | Killed a glowing orange brain
  6561 | Abyss:2  | Reached *** piety under Okawaru
  6606 | Abyss:2  | Gained mutation: Your body sometimes deteriorates upon
                  | taking damage. [a neqoxec]
  6609 | Abyss:2  | Gained mutation: Your magical capacity is low. (-10% MP) [a
                  | neqoxec]
  6613 | Abyss:2  | Reached skill level 8 in Maces & Flails
  6631 | D:8      | Escaped the Abyss
  6678 | D:8      | Reached skill level 5 in Fighting
  6788 | D:9      | Noticed a troll
  6805 | D:9      | Killed a troll
  6805 | D:9      | Reached XP level 10. HP: 63/96 MP: 6/9
  6935 | D:9      | Lost mutation: Your spells are a little harder to cast, but
                  | a little more powerful. [potion of mutation]
  6935 | D:9      | Lost mutation: You occasionally shout uncontrollably at
                  | your foes. [potion of mutation]
  6935 | D:9      | Lost mutation: Your body sometimes deteriorates upon taking
                  | damage. [potion of mutation]
  6935 | D:9      | Lost mutation: You have a pair of small horns on your head.
                  | [potion of mutation]
  6935 | D:9      | Gained mutation: You are covered in thick fur. (AC +2)
                  | [potion of mutation]
  6935 | D:9      | Gained mutation: You are dopey. (Int -2) [potion of
                  | mutation]
  6935 | D:9      | Gained mutation: Your spells are a little easier to cast,
                  | but a little less powerful. [potion of mutation]
  6935 | D:9      | Gained mutation: You evolve. [potion of mutation]
  6980 | D:9      | Reached **** piety under Okawaru
  7047 | D:9      | Noticed a two-headed ogre
  7059 | D:9      | Killed a two-headed ogre
  7541 | D:9      | Gained mutation: You are resistant to hostile enchantments.
                  | (MR+) [evolution]
  7641 | D:10     | Entered Level 10 of the Dungeon
  7652 | D:10     | Reached skill level 9 in Maces & Flails
  7669 | D:10     | Received a gift from Okawaru
  7787 | D:10     | Noticed a gargoyle
  7793 | D:10     | Killed a gargoyle
  7830 | D:10     | Reached ***** piety under Okawaru
  8052 | D:10     | Gained mutation: You have a pair of small horns on your
                  | head. [evolution]
  8166 | D:10     | Received a gift from Okawaru
  8454 | D:11     | Noticed a cyclops
  8494 | D:11     | Found Vuagoadd's Armour Boutique.
  8504 | D:11     | Bought a scarf of cloud immunity for 105 gold pieces
  8536 | D:11     | Noticed a seven-headed hydra
  8543 | D:11     | Killed a seven-headed hydra
  8543 | D:11     | Reached XP level 11. HP: 68/105 MP: 11/11
  8548 | D:11     | Noticed a green ugly thing
  8564 | D:11     | Killed a green ugly thing
  8601 | D:11     | Reached skill level 5 in Throwing
  8672 | D:11     | Reached skill level 10 in Maces & Flails
  8722 | D:11     | Found a staircase to the Lair.
  8820 | D:11     | Noticed a two-headed ogre
  8825 | D:11     | Killed a two-headed ogre
  8862 | D:11     | Noticed a red ugly thing
  8872 | D:11     | Slain by a red ugly thing

Skill      XL: |  1  2  3  4  5  6  7  8  9 10 11 |
---------------+----------------------------------+-----
Maces & Flails | 3 4 5 6 8 9 10 | 10.1
Dodging        | 3 4 5 6 7 8 |  8.9
Throwing       | 1 2 3 4 5 |  5.1
Fighting       | 3 4 5 6 |  6.0
Invocations    | 2 4 |  4.8
Stealth        | |  1.0

Action                   |  1- 3 |  4- 6 |  7- 9 | 10-12 || total
-------------------------+-------+-------+-------+-------++-------
Melee: Mace              |   163 |   224 |       |       ||   387
       Morningstar       |       |   135 |       |       ||   135
       Whip              |       |       |   298 |       ||   298
       Headbutt          |       |       |    57 |    13 ||    70
       Giant spiked club |       |       |    33 |   264 ||   297
Throw: Tomahawk          |       |       |    20 |    13 ||    33
       Javelin           |       |       |       |    16 ||    16
       Large rock        |       |       |       |     9 ||     9
Invok: Heroism           |       |       |     3 |     3 ||     6
 Abil: Evoke Berserk Rag |       |       |     1 |       ||     1
Evoke: Wand              |       |     1 |       |       ||     1
       Fan of gales      |       |       |       |     1 ||     1
  Use: Potion            |       |     4 |     5 |     2 ||    11
       Scroll            |       |    10 |     7 |     3 ||    20
 Stab: Sleeping          |     3 |     4 |     4 |     2 ||    13
       Distracted        |       |       |     1 |       ||     1
  Eat: Chunk             |    15 |    18 |    35 |    20 ||    88
Armor: Robe              |   149 |   253 |   135 |   160 ||   697
Dodge: Dodged            |   182 |   310 |   275 |   366 ||  1133
